[ AOE2 MATCH · #507875385 ]
UnrankedByzantines vs Berbers
Player's team · WIN
Rival team · LOSS
[ REPLAY ANALYSIS · EXTRACTED FROM THE RECORDED GAME ]
Feudal
10:33
Castle
28:17
Imperial
48:09
| APM avg | 60.9 |
| APM peak | 94 |
| eAPM avg | 29.6 |
| Villagers / military | 158 / 115 |
Focus
⚔️ 19.0% · 🌾 81.0%
Camel Scout ×86 · Hand Cannoneer ×11 · Spearman ×7 · Monk ×6 · Trebuchet (Packed) ×3 · Bombard Cannon ×2
Feudal
8:51
Castle
19:29
Imperial
41:36
| APM avg | 51.3 |
| APM peak | 104 |
| eAPM avg | 26.8 |
| Villagers / military | 160 / 147 |
Focus
⚔️ 27.6% · 🌾 72.4%
Spearman ×50 · Camel Scout ×41 · Scout Cavalry ×36 · Monk ×6 · Mangonel ×5 · Battering Ram ×4
Match map
Initial resources + every placement click. Lines = walls · curves = elevation contours. ◆ gold · ⬟ stone · ● berries · ✦ relic · ◌ wall gap
Your base· ✓ Closed at 28:17 · 67t walls · 1 gate(s)
goodchin2005's base· Open — opponent sealed themselves in
Smoothed initial terrain · ◌ = detected wall gap · hover for details
Inputs per minute
— SUMMER - - goodchin2005
Build order — SUMMER
First 150 of 411 actions detected
| 0:02 | Queue | Villager (Male) |
| 0:02 | Queue | Villager (Male) |
| 0:03 | Build | House |
| 0:04 | Build | House |
| 0:07 | Queue | Villager (Male) |
| 0:09 | Queue | Villager (Male) |
| 1:27 | Queue | Villager (Male) |
| 1:52 | Build | Lumber Camp |
| 2:10 | Queue | Villager (Male) |
| 2:19 | Queue | Villager (Male) |
| 2:51 | Queue | Villager (Male) |
| 3:15 | Queue | Villager (Male) |
| 3:18 | Build | House |
| 3:19 | Build | House |
| 3:44 | Queue | Villager (Male) |
| 3:45 | Queue | Villager (Male) |
| 3:57 | Queue | Villager (Male) |
| 4:42 | Build | Mill |
| 4:58 | Queue | Villager (Male) |
| 4:59 | Queue | Villager (Male) |
| 5:05 | Queue | Villager (Male) |
| 5:06 | Queue | Villager (Male) |
| 5:33 | Queue | Villager (Male) |
| 6:01 | Queue | Villager (Male) |
| 6:01 | Queue | Villager (Male) |
| 6:15 | Queue | Villager (Male) |
| 6:31 | Queue | Villager (Male) |
| 6:31 | Queue | Villager (Male) |
| 6:31 | Queue | Villager (Male) |
| 7:01 | Queue | Villager (Male) |
| 7:31 | Queue | Villager (Male) |
| 7:58 | Research | Loom |
| 8:00 | Research | Feudal Age |
| 8:29 | Build | Lumber Camp |
| 9:36 | Build | Barracks |
| 9:57 | Build | House |
| 10:33 | Age | Feudal Age |
| 10:35 | Queue | Spearman |
| 10:35 | Queue | Spearman |
| 10:46 | Queue | Villager (Male) |
| 10:49 | Research | Double-Bit Axe |
| 10:54 | Queue | Spearman |
| 10:56 | Queue | Spearman |
| 11:03 | Build | Palisade Wall |
| 11:19 | Build | Farm |
| 11:22 | Queue | Spearman |
| 11:24 | Queue | Villager (Male) |
| 11:36 | Queue | Villager (Male) |
| 11:39 | Queue | Spearman |
| 11:42 | Build | House |
| 11:55 | Build | Palisade Wall |
| 12:02 | Build | Farm |
| 12:04 | Queue | Spearman |
| 12:23 | Build | Farm |
| 12:24 | Queue | Villager (Male) |
| 12:24 | Queue | Villager (Male) |
| 12:26 | Queue | Villager (Male) |
| 12:29 | Queue | Villager (Male) |
| 13:04 | Queue | Villager (Male) |
| 13:06 | Queue | Villager (Male) |
| 13:07 | Build | Farm |
| 13:09 | Build | House |
| 13:29 | Build | House |
| 13:48 | Queue | Villager (Male) |
| 13:55 | Build | Palisade Wall |
| 14:00 | Build | Palisade Wall |
| 14:07 | Build | Farm |
| 14:08 | Build | Farm |
| 14:08 | Build | Farm |
| 14:08 | Build | Farm |
| 14:17 | Build | Farm |
| 14:29 | Queue | Villager (Male) |
| 14:34 | Build | Palisade Gate |
| 14:40 | Build | Palisade Wall |
| 14:42 | Queue | Villager (Male) |
| 14:46 | Research | Horse Collar |
| 14:48 | Queue | Villager (Male) |
| 14:58 | Queue | Villager (Male) |
| 15:27 | Queue | Villager (Male) |
| 15:42 | Queue | Villager (Male) |
| 15:47 | Build | Mining Camp |
| 16:10 | Build | Mining Camp |
| 16:21 | Queue | Villager (Male) |
| 16:21 | Queue | Villager (Male) |
| 16:21 | Queue | Villager (Male) |
| 16:39 | Build | Watch Tower |
| 16:40 | Queue | Villager (Male) |
| 16:42 | Queue | Villager (Male) |
| 16:42 | Queue | Villager (Male) |
| 16:52 | Queue | Villager (Male) |
| 17:02 | Build | Farm |
| 17:11 | Queue | Villager (Male) |
| 17:11 | Queue | Villager (Male) |
| 17:32 | Build | Watch Tower |
| 17:39 | Queue | Villager (Male) |
| 18:01 | Queue | Villager (Male) |
| 18:08 | Queue | Villager (Male) |
| 18:17 | Build | Blacksmith |
| 18:36 | Queue | Villager (Male) |
| 18:36 | Queue | Villager (Male) |
| 18:56 | Queue | Villager (Male) |
| 19:05 | Build | Watch Tower |
| 19:11 | Research | Wheelbarrow |
| 19:18 | Build | House |
| 19:20 | Build | House |
| 19:47 | Research | Fletching |
| 19:48 | Research | Forging |
| 19:49 | Queue | Villager (Male) |
| 20:18 | Build | Watch Tower |
| 20:36 | Queue | Villager (Male) |
| 20:54 | Queue | Villager (Male) |
| 20:56 | Build | House |
| 20:57 | Queue | Villager (Male) |
| 20:57 | Queue | Villager (Male) |
| 20:57 | Queue | Villager (Male) |
| 21:24 | Build | Stone Wall |
| 21:24 | Build | Stone Wall |
| 21:25 | Build | Stone Wall |
| 21:26 | Build | Stone Wall |
| 21:26 | Build | Stone Wall |
| 21:27 | Build | Stone Wall |
| 21:37 | Queue | Villager (Male) |
| 21:47 | Build | Palisade Wall |
| 21:47 | Build | Palisade Wall |
| 21:47 | Build | Palisade Wall |
| 21:47 | Build | Palisade Wall |
| 21:48 | Build | Palisade Wall |
| 21:48 | Build | Palisade Wall |
| 21:51 | Build | Farm |
| 22:05 | Queue | Villager (Male) |
| 22:13 | Build | Farm |
| 22:14 | Queue | Villager (Male) |
| 22:15 | Queue | Villager (Male) |
| 22:19 | Build | Market |
| 22:34 | Build | Watch Tower |
| 22:44 | Queue | Villager (Male) |
| 23:31 | Build | Watch Tower |
| 24:08 | Queue | Villager (Male) |
| 24:10 | Build | Stable |
| 24:11 | Queue | Villager (Male) |
| 24:13 | Build | Farm |
| 24:15 | Build | Farm |
| 24:19 | Build | House |
| 24:54 | Queue | Villager (Male) |
| 24:57 | Build | Watch Tower |
| 25:02 | Build | Farm |
| 25:03 | Build | Farm |
| 25:03 | Build | Farm |
| 25:05 | Build | Farm |
| 25:07 | Research | Castle Age |
Build order — goodchin2005
First 150 of 511 actions detected
| 0:01 | Queue | Villager (Male) |
| 0:01 | Queue | Villager (Male) |
| 0:02 | Build | House |
| 0:03 | Build | House |
| 0:18 | Queue | Villager (Male) |
| 0:59 | Queue | Villager (Male) |
| 1:35 | Queue | Villager (Male) |
| 2:03 | Queue | Villager (Male) |
| 2:14 | Queue | Villager (Male) |
| 2:19 | Build | Lumber Camp |
| 3:13 | Queue | Villager (Male) |
| 3:14 | Queue | Villager (Male) |
| 3:14 | Queue | Villager (Male) |
| 4:26 | Build | House |
| 4:34 | Queue | Villager (Male) |
| 5:01 | Queue | Villager (Male) |
| 5:18 | Build | Mill |
| 5:20 | Queue | Villager (Male) |
| 5:24 | Queue | Villager (Male) |
| 6:00 | Research | Loom |
| 6:30 | Research | Feudal Age |
| 7:37 | Queue | Villager (Male) |
| 7:45 | Build | Barracks |
| 8:06 | Queue | Villager (Male) |
| 8:18 | Queue | Villager (Male) |
| 8:30 | Build | House |
| 8:38 | Build | House |
| 8:51 | Age | Feudal Age |
| 8:53 | Queue | Villager (Male) |
| 8:59 | Build | Stable |
| 9:40 | Queue | Scout Cavalry |
| 9:41 | Queue | Villager (Male) |
| 9:44 | Build | Palisade Gate |
| 9:46 | Build | Palisade Wall |
| 9:53 | Queue | Villager (Male) |
| 10:11 | Build | Farm |
| 10:13 | Build | Farm |
| 10:24 | Queue | Scout Cavalry |
| 10:59 | Build | Farm |
| 11:00 | Build | Farm |
| 11:03 | Build | Farm |
| 11:03 | Queue | Villager (Male) |
| 11:07 | Build | Farm |
| 11:08 | Queue | Villager (Male) |
| 11:24 | Build | Farm |
| 11:34 | Build | House |
| 11:36 | Build | House |
| 11:38 | Build | Palisade Wall |
| 11:41 | Queue | Villager (Male) |
| 11:48 | Research | Double-Bit Axe |
| 12:01 | Queue | Spearman |
| 12:16 | Queue | Villager (Male) |
| 12:17 | Build | Farm |
| 12:34 | Queue | Villager (Male) |
| 12:37 | Build | Farm |
| 12:46 | Build | Farm |
| 13:05 | Queue | Villager (Male) |
| 13:07 | Build | Farm |
| 13:14 | Build | Farm |
| 13:29 | Queue | Villager (Male) |
| 13:32 | Build | Farm |
| 13:57 | Build | Farm |
| 14:06 | Build | Mining Camp |
| 14:19 | Queue | Villager (Male) |
| 14:31 | Queue | Villager (Male) |
| 14:47 | Build | Blacksmith |
| 14:47 | Queue | Villager (Male) |
| 14:57 | Build | House |
| 15:15 | Queue | Villager (Male) |
| 15:33 | Queue | Villager (Male) |
| 15:37 | Queue | Villager (Male) |
| 16:31 | Build | House |
| 16:32 | Research | Castle Age |
| 17:05 | Build | House |
| 17:22 | Queue | Villager (Male) |
| 17:26 | Build | House |
| 17:43 | Build | Watch Tower |
| 17:55 | Build | Mining Camp |
| 18:03 | Research | Fletching |
| 18:36 | Build | House |
| 18:38 | Build | House |
| 18:40 | Build | House |
| 18:55 | Queue | Scout Cavalry |
| 19:29 | Age | Castle Age |
| 19:31 | Queue | Villager (Male) |
| 19:35 | Build | Town Center |
| 19:41 | Build | Town Center |
| 19:56 | Build | Lumber Camp |
| 20:18 | Queue | Villager (Male) |
| 20:28 | Queue | Villager (Male) |
| 20:42 | Queue | Villager (Male) |
| 20:57 | Research | Wheelbarrow |
| 21:21 | Build | Siege Workshop |
| 21:25 | Research | Bodkin Arrow |
| 21:31 | Research | Bow Saw |
| 21:32 | Queue | Villager (Male) |
| 21:42 | Queue | Villager (Male) |
| 21:44 | Queue | Villager (Male) |
| 22:04 | Queue | Mangonel |
| 22:16 | Queue | Villager (Male) |
| 22:29 | Build | Farm |
| 22:32 | Build | Farm |
| 22:36 | Build | Farm |
| 22:37 | Queue | Villager (Male) |
| 22:40 | Build | Farm |
| 22:43 | Build | Farm |
| 22:53 | Build | Farm |
| 23:09 | Build | House |
| 23:12 | Queue | Villager (Male) |
| 23:21 | Queue | Mangonel |
| 23:23 | Queue | Mangonel |
| 23:31 | Queue | Villager (Male) |
| 23:38 | Queue | Villager (Male) |
| 23:42 | Build | House |
| 23:43 | Build | House |
| 23:46 | Build | Farm |
| 23:49 | Queue | Villager (Male) |
| 24:14 | Queue | Villager (Male) |
| 24:17 | Queue | Villager (Male) |
| 24:32 | Queue | Villager (Male) |
| 24:33 | Queue | Villager (Male) |
| 24:35 | Build | Farm |
| 24:35 | Build | Farm |
| 24:35 | Build | Farm |
| 24:36 | Build | Farm |
| 24:36 | Build | Farm |
| 24:48 | Queue | Villager (Male) |
| 25:00 | Queue | Villager (Male) |
| 25:03 | Build | Farm |
| 25:04 | Build | Farm |
| 25:08 | Build | House |
| 25:12 | Queue | Villager (Male) |
| 25:13 | Queue | Villager (Male) |
| 25:27 | Queue | Mangonel |
| 25:31 | Queue | Villager (Male) |
| 25:32 | Queue | Villager (Male) |
| 25:55 | Build | House |
| 25:57 | Build | House |
| 26:00 | Queue | Villager (Male) |
| 26:03 | Build | Farm |
| 26:03 | Build | Farm |
| 26:04 | Build | Farm |
| 26:04 | Build | Farm |
| 26:05 | Research | Horse Collar |
| 26:27 | Build | Farm |
| 26:27 | Build | Farm |
| 26:28 | Build | Farm |
| 26:29 | Queue | Villager (Male) |
| 26:29 | Queue | Villager (Male) |
| 26:43 | Build | Farm |
Match timeline
| 7:45 | goodchin2005 · first_building Barracks |
| 8:51 | goodchin2005 · age_up feudal |
| 8:59 | goodchin2005 · first_building Stable |
| 9:36 | SUMMER · first_building Barracks |
| 9:46 | goodchin2005 · wall_segment Palisade Wall x3 |
| 10:33 | SUMMER · age_up feudal |
| 11:03 | SUMMER · wall_segment Palisade Wall x9 |
| 11:38 | goodchin2005 · wall_segment Palisade Wall x6 |
| 11:55 | SUMMER · wall_segment Palisade Wall x13 |
| 13:55 | SUMMER · wall_segment Palisade Wall x16 |
| 14:00 | SUMMER · wall_segment Palisade Wall x11 |
| 14:40 | SUMMER · wall_segment Palisade Wall x5 |
| 19:29 | goodchin2005 · age_up castle |
| 21:21 | goodchin2005 · first_building Siege Workshop |
| 21:24 | SUMMER · wall_segment Stone Wall x1 |
| 21:24 | SUMMER · wall_segment Stone Wall x1 |
| 21:25 | SUMMER · wall_segment Stone Wall x1 |
| 21:26 | SUMMER · wall_segment Stone Wall x2 |
| 21:26 | SUMMER · wall_segment Stone Wall x1 |
| 21:27 | SUMMER · wall_segment Stone Wall x1 |
| 21:47 | SUMMER · wall_segment Palisade Wall x1 |
| 21:47 | SUMMER · wall_segment Palisade Wall x2 |
| 21:47 | SUMMER · wall_segment Palisade Wall x2 |
| 21:47 | SUMMER · wall_segment Palisade Wall x2 |
| 21:48 | SUMMER · wall_segment Palisade Wall x1 |
| 21:48 | SUMMER · wall_segment Palisade Wall x1 |
| 24:10 | SUMMER · first_building Stable |
| 27:46 | SUMMER · first_market_buy 100 wood |
| 28:17 | SUMMER · age_up castle |
| 30:11 | goodchin2005 · wall_segment Palisade Wall x1 |
| 31:16 | SUMMER · first_market_sell 100 wood |
| 31:51 | goodchin2005 · first_building Monastery |
| 32:45 | goodchin2005 · first_building Castle |
| 35:00 | goodchin2005 · wall_segment Palisade Wall x1 |
| 39:04 | SUMMER · first_building Monastery |
| 41:36 | goodchin2005 · age_up imperial |
| 46:43 | goodchin2005 · first_market_sell 500 food |
| 46:58 | SUMMER · first_building Siege Workshop |
| 47:05 | SUMMER · first_building Castle |
| 48:09 | SUMMER · age_up imperial |
| 50:18 | SUMMER · first_building Archery Range |
| 53:36 | goodchin2005 · resign |
[ AI ANALYSIS · 1 CREDIT ]
What really happened in this match?
Wolo.gg analyzes every decision: build order, eco, micro, common mistakes by bracket. Personalized analysis on WhatsApp or Discord in 30 seconds.
Civ guide
Byzantines
Perfil
Jugador #25845906